 Dungeon Crawl Stone Soup version 0.17-a0-1380-gc4949c2 (webtiles) character file.

29 Kisielow the Poker (level 3, -5/27 HPs)
             Began as a Merfolk Skald on June 15, 2015.
             Slain by Terence
             ... wielding a +0 falchion
              (7 damage)
             ... on level 2 of the Dungeon.
             The game lasted 00:03:26 (1073 turns).

Kisielow the Poker (Merfolk Skald)                  Turns: 1073, Time: 00:03:26

Health: -5/27      AC:  3    Str: 12    XL:     3   Next: 16%
Magic:  6/6        EV: 11    Int: 11    God:
Gold:   102        SH:  0    Dex: 14    Spells: 1 memorised, 5 levels left

rFire  . . .     SeeInvis .     j - +0 trident
rCold  . . .     Clarity  .     b - +0 leather armour
rNeg   . . .     SustAt   .     (no shield)
rPois  .         Gourm    .     (no helmet)
rElec  .         Spirit   .     (no cloak)
rCorr  .         Warding  .     (no gloves)
rMut   .         Stasis   .     (no boots)
MR     .....                    (no amulet)
Stlth  +.........               (no ring)
                                (no ring)

@: confused, not resistant to hostile enchantments, very unstealthy
A: change form in water, swift swim
a: no special abilities


You were on level 2 of the Dungeon.
You were hungry.

You visited 1 branch of the dungeon, and saw 2 of its levels.

You collected 102 gold pieces.

Inventory:

Hand weapons
 j - a +0 trident (weapon)
Armour
 b - a +0 leather armour (worn)
Jewellery
 m - a cursed amulet of inaccuracy {unknown}
Scrolls
 a - a scroll of fear {unknown}
 e - a scroll of remove curse {unknown}
 h - a scroll of identify {unknown}
 i - a scroll of magic mapping {unknown}
 k - a scroll of noise {unknown}
Potions
 g - 3 potions of mutation {unknown}
 n - a potion of lignification {unknown}
Books
 c - a book of Battle

   Spells                             Type                      Level
   a - Infusion                       Charms                       1
   b - Shroud of Golubria             Charms/Translocation         2
   c - Song of Slaying                Charms                       2
   d - Spectral Weapon                Hexes/Charms                 3
   e - Regeneration                   Charms/Necromancy            3
 l - an Akashic Record {highlevel, unknown}

   This book is beyond your current level of understanding.

   Spells                             Type                      Level
   a - Dispersal                      Translocation                6
   b - Controlled Blink               Translocation                7
   c - Malign Gateway                 Summoning/Translocation      7
   d - Disjunction                    Translocation                8
   e - Singularity                    Translocation                9
Comestibles
 d - 2 bread rations
 f - 3 chunks of flesh


   Skills:
 - Level 2.1 Fighting
 + Level 5.1 Polearms
 - Level 0.6 Armour
 - Level 1.3 Dodging
 - Level 2.0 Spellcasting
 - Level 3.2 Charms


You had 5 spell levels left.
You knew the following spells:

 Your Spells              Type           Power        Failure   Level  Hunger
a - Infusion              Chrm           #.....       12%         1    ##.....


Dungeon Overview and Level Annotations

Branches:
Dungeon (2/15)

Altars:

Annotations:
D:2 Terence


Message History

Some of the chunks of flesh in your inventory have rotted away.
You bump into the rock wall.
Terence closely misses you.
You bump into the rock wall.
Terence hits you with a falchion.
You hit Terence.
Terence is moderately wounded.
Terence hits you with a falchion.
You miss Terence.
Terence is moderately wounded.
Terence hits you with a falchion.
* * * LOW HITPOINT WARNING * * *
You closely miss Terence.
Terence is moderately wounded.
You bump into the rock wall.
Terence misses you.
You're too confused to move!
Terence hits you with a falchion.
* * * LOW HITPOINT WARNING * * *
You completely miss Terence.
Terence is moderately wounded.
Terence barely misses you.
You're too confused to move!
Terence hits you with a falchion!
You die...

....+....#.#......# #.#.#
##..#....#........+ ....#
##.......#..##....#######
.#.#.....#.[##....# ## ##
<#.#...###..##....###....##
.#.##..##...##............#
.......###..####.##.#.....#
###.##.# #..# #.##.......#
###.##.# #..# #@@w........
#..)##.. #..# #####.....##
#.#####.##..# ######.#####
...# ..#..# #..).#..
...#####.#..# #....#.##
......)..#..# #....#.#
.....###....# #....#.##
..#### #....# #....#.. ..#
####....###....#.#


You could see Terence and a worm.

Vanquished Creatures
  A giant gecko (D:1)
  2 bats
  2 giant cockroaches
  4 hobgoblins (D:1)
  2 jackals (D:2)
  3 kobolds (D:2)
  6 giant newts
  4 goblins
  3 rats
27 creatures vanquished.

Notes
Turn   | Place    | Note
--------------------------------------------------------------
     0 | D:1      | Kisielow the Merfolk Skald began the quest for the Orb.
     0 | D:1      | Reached XP level 1. HP: 16/16 MP: 3/3
   227 | D:1      | Reached skill level 4 in Polearms
   227 | D:1      | Reached XP level 2. HP: 15/22 MP: 5/5
   850 | D:2      | Reached XP level 3. HP: 24/27 MP: 6/6
   892 | D:2      | Reached skill level 5 in Polearms
  1038 | D:2      | Noticed Terence
  1073 | D:2      | Slain by Terence

Vault maps used:
D:1:      dpeg_arrival_arbitrary_b, serial_curves, eino_curves_02,
          eino_curves_01, hex_tiny
D:2:      cheibrodos_gnoll_hut, uniq_terence, uniq_iyjb

Action                   || total
-------------------------++-------
Melee: Spear             ||    90
       Trident           ||    19
